 Dungeon Crawl Stone Soup version 0.30.1-11-g7821555f0a (webtiles) character file.

Game seed: 2311028663662818286

123 Groucho the Sneak (level 4, 0/21 HPs)
             Began as a Spriggan Enchanter on Nov 20, 2023.
             Slain by Grinder (4 damage)
             ... on level 3 of the Dungeon.
             The game lasted 00:08:27 (3840 turns).

Groucho the Sneak (Spriggan Enchanter)              Turns: 3840, Time: 00:08:27

Health: 0/21       AC:  4    Str:  4    XL:     4   Next: 79%
Magic:  5/10       EV: 17    Int: 18    God:
Gold:   115        SH:  0    Dex: 15    Spells: 2/10 levels left

rFire   . . .        a - +1 dagger
rCold   . . .        (no shield)
rNeg    . . .        b - +0 robe
rPois   .            k - +2 hat
rElec   .            (no cloak)
rCorr   .            (gloves unavailable)
SInv    +            (boots unavailable)
Will    .....        (no amulet)
Stlth   +++          (no ring)
HPRegen 0.23/turn    (no ring)
MPRegen 0.12/turn

%: no passive effects
@: confusing by touch, very quick
A: very small, no large weapons, unfitting armour, see invisible, speed 3
a: no special abilities


You were on level 3 of the Dungeon.
You visited 1 branch of the dungeon, and saw 3 of its levels.

You collected 115 gold pieces.

Inventory:

Hand Weapons
 a - a +1 dagger (weapon)
 l - a +0 heavy sling
 o - a +2 short sword of electrocution
Armour
 b - a +0 robe (worn)
 k - a +2 hat (worn)
Scrolls
 e - 4 scrolls of teleportation {unknown}
 f - a scroll of enchant armour {unknown}
 i - 4 scrolls of vulnerability {unknown}
 m - a scroll of poison {unknown}
 n - 4 scrolls of identify {unknown}
Potions
 c - 2 potions of invisibility
 d - a potion of berserk rage {unknown}
 g - a potion of degeneration {unknown}
 h - a potion of mutation {unknown}
 j - 3 potions of curing {unknown}
 p - a potion of might {unknown}


   Skills:
 + Level 1.3 Short Blades
 + Level 2.9 Dodging
 * Level 6.6 Stealth
 + Level 3.7 Spellcasting
 * Level 0.6 Conjurations
 + Level 4.4 Hexes


You had 2 spell levels left.
You knew the following spells:

 Your Spells              Type           Power      Damage    Failure   Level
a - Ensorcelled Hibernat  Hex/Ice        22%        N/A       10%         2
b - Confusing Touch       Hex            19%        N/A       8%          3
c - Dazzling Flash        Conj/Hex       24%        N/A       16%         3

Your spell library contained the following spells:

 Spells                   Type           Power      Damage    Failure   Level
 Freeze                   Ice            12%        1d3       16%         1
 Sublimation of Blood     Necr           3%         N/A       22%         2
 Wereblood                Tmut           3%         N/A       22%         2
 Tukima's Dance           Hex            19%        N/A       8%          3
 Hailstorm                Conj/Ice       4%         3d4       38%         3
 Frozen Ramparts          Ice            6%         1d1       41%         3
 Conjure Ball Lightning   Conj/Air       2%         3x3d6     100%        6
 Plasma Beam              Fire/Air       1%         2x1d12    100%        6
 Summon Hydra             Summ           1%         N/A       100%        7


Dungeon Overview and Level Annotations

Branches:
Dungeon (3/15)

Altars:

Annotations:
D:3 Grinder


Innate Abilities, Weirdness & Mutations

You are very small and have problems with some larger weapons.
You are too small for most types of armour.
You have supernaturally acute eyesight. (SInv)
You cover ground extremely quickly. (Speed+++)


Message History

Press: ? - help, Shift-Dir - straight line, f/p - river rat
Aim: a river rat (severely wounded, chance to affect: 53%)
The river rat looks drowsy...
a - a +1 dagger (weapon)
The helpless river rat fails to defend itself.
You impale the river rat!!
You kill the river rat!
You enter the shallow water.
Moving in this stuff is going to be slow.
Your magical contamination has completely faded away.
You enter the shallow water.
Moving in this stuff is going to be slow.
You enter the shallow water.
Moving in this stuff is going to be slow.
Grinder comes into view.
Grinder shouts!
Grinder gestures at you. Pain shoots through your body!
Casting: Ensorcelled Hibernation (safe; 10% risk of failure)
Confirm with . or Enter, or press ? or * to list all spells.
You can't see any susceptible monsters within range! (Use Z to cast anyway.) Unknown command.
Unknown command.
Casting: Ensorcelled Hibernation (safe; 10% risk of failure)
Confirm with . or Enter, or press ? or * to list all spells.
You can't see any susceptible monsters within range! (Use Z to cast anyway.) Unknown command.
Casting: Ensorcelled Hibernation (safe; 10% risk of failure)
Confirm with . or Enter, or press ? or * to list all spells.
The spell is quite dangerous to miscast (8% risk of failure)!
Continue anyway?
Your hands begin to glow red.
Grinder blinks!
You are too injured to fight recklessly!
You are too injured to fight recklessly!
You are too injured to fight recklessly!
You are too injured to fight recklessly!
You closely miss Grinder. Grinder misses you.
You barely miss Grinder. Grinder hits you.
* * * LOW HITPOINT WARNING * * *
You writhe in agony.
You die...

####### #.....#
#######.###.########
##~5@§~##~##.........
#.#####~#~####.######
#~# .#~# #.#### #####
#~# ~#~# #....# .....
#~# ~#~# ####.# ####
#.# ~#.# #....# #
####~# ##.# #....# ##
#..#~#######~# #...##
.#
#..##~~~~~†.##..#...#


You could see Grinder.

Vanquished Creatures
  4 adders
  A river rat (D:3)
  A worm (D:3)
  6 ball pythons
  11 bats
  5 endoplasms
  8 giant cockroaches
  4 goblins
  8 hobgoblins
  3 jackals (D:1)
  4 quokkas
  5 frilled lizards
  9 kobolds
  3 rats
72 creatures vanquished.

Notes
Turn   | Place    | Note
-------+----------+-------------------------------------------
     0 | D:1      | Groucho the Spriggan Enchanter began the quest for the Orb.
     0 | D:1      | Reached XP level 1. HP: 9/9 MP: 5/5
   175 | D:1      | Reached skill level 5 in Stealth
   175 | D:1      | Reached XP level 2. HP: 9/13 MP: 6/6
   291 | D:1      | Learned a level 2 spell: Ensorcelled Hibernation
   581 | D:1      | Reached XP level 3. HP: 11/16 MP: 0/8
  2857 | D:2      | Reached skill level 6 in Stealth
  3217 | D:2      | Reached XP level 4. HP: 21/21 MP: 10/10
  3257 | D:2      | Got Hoampa's Compilation of Weather
  3262 | D:2      | Learned a level 3 spell: Confusing Touch
  3266 | D:2      | Learned a level 3 spell: Dazzling Flash
  3833 | D:3      | Noticed Grinder
  3840 | D:3      | Slain by Grinder

Illustrated notes

Levels and vault maps discovered:
D:1:      nzn_arrival_water_spiral, layout_basic, serial_forest,
          infiniplex_forest_end_2, infiniplex_forest_end_double,
          infiniplex_forest_lined_3, infiniplex_forest_lined_3,
          infiniplex_forest_clump_double, infiniplex_forest_straight_3,
          infiniplex_forest_end_3, minmay_3d_cube
D:2:      minmay_razor_zed, layout_basic, serial_bayou, serial_bayou_pond_a,
          serial_bayou_lake_a, serial_bayou_lagoon_a, serial_bayou_pond_e
D:3:      wander_river, layout_basic, serial_shops, shop,
          gup_sewer_entry_spiral, uniq_grinder, uniq_natasha, uniq_jessica

Skill      XL: |  1  2  3 |
---------------+----------+-----
Stealth        | 5 6 |  6.6
Spellcasting   | 3 |  3.7
Hexes          | 4 |  4.4
Short Blades   | |  1.3
Dodging        | |  2.9
Conjurations   | |  0.6

Action                     |  1- 3 |  4- 6 || total
---------------------------+-------+-------++-------
  Melee: Dagger            |   161 |    22 ||   183
   Fire: Sling             |    19 |    14 ||    33
   Cast: Ensorcelled Hiber |    27 |    15 ||    42
         Confusing Touch   |       |     1 ||     1
   Stab: Sleeping          |    21 |    14 ||    35
 Armour: Robe              |    18 |     3 ||    21
  Dodge: Dodged            |   166 |    21 ||   187
